 Dungeon Sprint DCSS version 0.18-a0-750-g37044d6 (webtiles) character file.

260 kosy22 the Nimble (level 8, 0/132 HPs)
             Began as a Troll Fighter on Dec 11, 2015.
             Was an Elder of Pakellas.
             Slain by the 26-headed Lernaean hydra (8 damage)
             ... in the Dungeon (Sprint VI: "Thunderdome").
             The game lasted 00:07:12 (645 turns).

kosy22 the Nimble (Troll Fighter)                    Turns: 645, Time: 00:07:12

Health: 0/132      AC:  5    Str: 32    XL:     8   Next: 72%
Magic:  10/10      EV: 14    Int:  8    God:    Pakellas [****..]
Gold:   401        SH: 12    Dex: 12    Spells: 0 memorised, 7 levels left

rFire  . . .     SeeInvis +       - Unarmed
rCold  . . .     Clarity  .     p - +0 robe of Indemnity {+Inv Int+4 Dex+3 SInv}
rNeg   . . .     SustAt   .     b - +0 shield
rPois  .         Gourm    +     (helmet restricted)
rElec  .         Spirit   .     (no cloak)
rCorr  .         Dismiss  .     (gloves unavailable)
rMut   .         NoTele   +     (boots unavailable)
MR     .....                    (no amulet)
Stlth  ..........               (no ring)
                                (no ring)

@: berserking, very slightly contaminated, very quick, not resistant to hostile
enchantments, extremely unstealthy
A: unfitting armour, claws 3, fast metabolism 3, gourmand, regeneration 2,
shaggy fur 1, tough skin 2
a: Quick Charge, Device Surge, Renounce Religion, Evoke Invisibility


You were in the Dungeon.
You worshipped Pakellas.
Pakellas was greatly pleased with you.
You were not hungry.

You visited 1 branch You collected 600 gold pieces.
You spent 199 gold pieces at shops.

Inventory:

Armour
 a - a +0 robe
 b - a +0 shield (worn)
 p - the +0 robe of Indemnity (worn) {+Inv Int+4 Dex+3 SInv}
   (You bought it in a shop in the Dungeon)

   It affects your intelligence (+4).
   It affects your dexterity (+3).
   It lets you see invisible.
   It lets you turn invisible.
Rods
 o - a +6 rod of ignition (3/11)
   (Pakellas gifted it to you in the Dungeon)
Wands
 e - a wand of lightning (0)
 k - a wand of cold (0)
 l - a wand of fire (0)
Scrolls
 m - 3 scrolls of fog
Potions
 c - a potion of might
 f - 2 potions of heal wounds
 g - 3 potions of haste
 h - 2 potions of magic
 n - a potion of resistance
Comestibles
 d - a bread ration


   Skills:
 + Level 8.1 Fighting
 + Level 10.1 Dodging
 + Level 9.1 Shields
 + Level 5.5 Unarmed Combat
 + Level 4.5 Evocations


You had 7 spell levels left.
You didn't know any spells.

Dungeon Overview and Level Annotations

Branches:
Dungeon (1/1)

Altars:
Cheibriados
Dithmenos
Fedhas
Gozag
Kikubaaqudgha
Makhleb
Okawaru
Pakellas
Qazlal
Ru
Sif Muna
Trog
Vehumet
Xom
Yredelemnul
Zin
The Shining One
Jiyva
Lugonu

Shops:
D *[%??*?*:[((!!!!

Annotations:
D Lernaean hydra


Innate Abilities, Weirdness & Mutations

You are too large for most types of armour.
You have claws for hands.
Your metabolism is lightning-fast.
You like to eat raw meat.
You heal very quickly.
You are covered in fur (AC +1).
You have very tough skin (AC +2).


Message History

The vampire mosquito bites you but does no damage.
You mangle the vampire mosquito!!
You destroy the vampire mosquito!
Pakellas accepts your kill.
Your Dodging skill increases to level 10!
You tear one of the 27-headed Lernaean hydra's heads off!
You claw the 26-headed Lernaean hydra!
The 26-headed Lernaean hydra is lightly wounded.
The 26-headed Lernaean hydra bites you! x2
* * * LOW HITPOINT WARNING * * *
The 26-headed Lernaean hydra misses you.
The 26-headed Lernaean hydra bites you!
* * * LOW HITPOINT WARNING * * *
The 26-headed Lernaean hydra bites you!
* * * LOW HITPOINT WARNING * * *
The 26-headed Lernaean hydra bites you but does no damage. x2
The 26-headed Lernaean hydra bites you!
* * * LOW HITPOINT WARNING * * *
The 26-headed Lernaean hydra bites you!
You die...

#.....# ##.....## ##∩.....∩##
#∩....†..∩# #_........#
#_......._# #_...÷..._#
###.........###
#⌠.@D......÷.⌠#
######.8.........8.######
##∩___......###......___∩#
###∩........8.# #.8........∩
##.............###...........
#⌠..........###...###........
#⌠..........# #.<.# #........
#⌠..........###...###.)......
#.............###...........


You could see the 26-headed Lernaean hydra.

Vanquished Creatures
  A queen ant (D)
  A vampire mosquito (D)
  Grum (D)
  3 wolves (D)
  A hell hound (D)
  6 vampire bats (D)
  5 worker ants (D)
  3 river rats (D)
  3 rats (D)
24 creatures vanquished.

Notes
Turn   | Place    | Note
--------------------------------------------------------------
     0 | D        | kosy22 the Troll Fighter began the quest for the Orb.
     0 | D        | Reached XP level 1. HP: 22/22 MP: 0/0
     2 | D        | Found a burning altar of Makhleb.
     2 | D        | Found a glowing silver altar of Zin.
     3 | D        | Found an oddly glowing altar of Pakellas.
     3 | D        | Found an opulent altar of Gozag.
     4 | D        | Found a blossoming altar of Fedhas.
     4 | D        | Found a deep blue altar of Sif Muna.
     5 | D        | Found Estoh's Distillery.
     5 | D        | Found a viscous altar of Jiyva.
     5 | D        | Found a basalt altar of Yredelemnul.
     5 | D        | Found Toraam's Do-It-Yourself Clinic.
     5 | D        | Round 1.
     6 | D        | Found Qecimn's Distillery.
     6 | D        | Found Sushrism's Bottled Wisdom.
     7 | D        | Noticed a worker ant
    12 | D        | Became a worshipper of Pakellas the Inventive
    15 | D        | Killed a worker ant
    15 | D        | Reached skill level 3 in Fighting
    15 | D        | Reached XP level 2. HP: 10/31 MP: 1/1
    76 | D        | Found Jaojaimoemp's Staff Store.
    77 | D        | Found an iron altar of Okawaru.
    77 | D        | Found a corrupted altar of Lugonu.
    77 | D        | Found a radiant altar of Vehumet.
    77 | D        | Found Xofuycuj's Magic Scroll Shop.
    80 | D        | Found Pawn's Must-Have Magic.
    80 | D        | Found Herupo's Magic Scroll Shop.
    91 | D        | Noticed a queen ant
    94 | D        | HP: 1/31 [worker ant (3)]
    96 | D        | Reached * piety under Pakellas
    96 | D        | Reached skill level 4 in Fighting
    96 | D        | Reached XP level 3. HP: 1/39 MP: 2/2
    97 | D        | Reached XP level 4. HP: 2/49 MP: 3/3
   107 | D        | Found a shadowy altar of Dithmenos.
   109 | D        | Killed a queen ant
   109 | D        | Reached skill level 7 in Fighting
   109 | D        | Reached skill level 5 in Unarmed Combat
   109 | D        | Reached XP level 5. HP: 10/62 MP: 3/6
   109 | D        | Reached XP level 6. HP: 11/71 MP: 3/7
   109 | D        | Reached XP level 7. HP: 12/78 MP: 3/8
   116 | D        | Reached ** piety under Pakellas
   116 | D        | Received a gift from Pakellas
   169 | D        | Arena points: 14 (+14) [x2]
   187 | D        | Round 2.
   200 | D        | Reached *** piety under Pakellas
   222 | D        | Found a stormy altar of Qazlal.
   224 | D        | Found a snail-covered altar of Cheibriados.
   228 | D        | Found Lurymid's Weapon Rack.
   259 | D        | Found Sateeq's Basic Armour.
   259 | D        | Found Fyeryfan's Miscellaneous Merchandise.
   260 | D        | Found Wudu's Premium Goods.
   267 | D        | Found a shimmering altar of Xom.
   269 | D        | Found a bloodstained altar of Trog.
   271 | D        | Found a sacrificial altar of Ru.
   274 | D        | Reached **** piety under Pakellas
   274 | D        | Received a gift from Pakellas
   274 | D        | Arena points: 56 (+42) [x3]
   274 | D        | Reached skill level 8 in Dodging
   286 | D        | Identified a +6 rod of ignition (11/11) (Pakellas gifted it to you in the Dungeon)
   308 | D        | Found Genouwir's Identification Station.
   308 | D        | Found Eshrolow's Advanced Armour.
   309 | D        | Found Uzuzake's Jewellery.
   310 | D        | Found an ancient bone altar of Kikubaaqudgha.
   310 | D        | Found a glowing golden altar of the Shining One.
   310 | D        | Found Laitsuef's Bee Food.
   319 | D        | Round 3.
   321 | D        | Bought a steaming robe for 199 gold pieces
   332 | D        | Identified the +0 robe of Indemnity {+Inv Int+4 Dex+3 SInv} (You bought it in a shop in the Dungeon)
   486 | D        | Arena points: 140 (+84) [x4]
   486 | D        | Reached XP level 8. HP: 88/88 MP: 9/9
   506 | D        | Round 4.
   520 | D        | Noticed Grum
   539 | D        | HP: 3/88 [Grum/wand of frost (3)]
   541 | D        | Killed Grum
   552 | D        | Reached skill level 9 in Dodging
   591 | D        | Arena points: 260 (+120) [x5]
   607 | D        | Round 5.
   626 | D        | Noticed the 27-headed Lernaean hydra
   643 | D        | Reached skill level 10 in Dodging
   645 | D        | Slain by the 26-headed Lernaean hydra

Vault maps used:
D:        arena_sprint

Action                   |  1- 3 |  4- 6 |  7- 9 || total
-------------------------+-------+-------+-------++-------
Melee: Unarmed           |    13 |       |    40 ||    53
Invok: Quick Charge      |       |       |     1 ||     1
Evoke: Wand              |     3 |     6 |     8 ||    17
       Rod               |       |       |     5 ||     5
  Use: Scroll            |     2 |     1 |     1 ||     4
       Potion            |     1 |       |     4 ||     5
  Eat: Chunk             |     1 |       |       ||     1
       Bread ration      |       |       |     1 ||     1
